 Dungeon Crawl Stone Soup version 0.21-a0-125-gb006224 (webtiles) character file.

40 Kythnos the Vexing (level 3, 0/16 HPs)
             Began as a Spriggan Enchanter on July 14, 2017.
             Slain by a hobgoblin (5 damage)
             ... on level 2 of the Dungeon.
             The game lasted 00:03:02 (1593 turns).

Kythnos the Vexing (Spriggan Enchanter)             Turns: 1593, Time: 00:03:03

Health: 0/16       AC:  2    Str:  4    XL:     3   Next: 30%
Magic:  0/9        EV: 18    Int: 17    God:
Gold:   73         SH:  0    Dex: 16    Spells: 0/9 levels left

rFire    . . .     SeeInvis +   a - +1 dagger
rCold    . . .     Gourm    .   (shield restricted)
rNeg     . . .     Faith    .   b - +0 robe
rPois    .         Spirit   .   (helmet restricted)
rElec    .         Reflect  .   (no cloak)
rCorr    .         Harm     .   (gloves unavailable)
MR       .....                  (boots unavailable)
Stlth    +++.......             (no amulet)
HPRegen  0.05/turn              (no ring)
MPRegen  0.11/turn              (no ring)

@: very quick
A: unfitting armour, see invisible, herbivore 3, speed 3, slow metabolism 2
a: no special abilities


You were on level 2 of the Dungeon.
You were not hungry.

You visited 1 branch of the dungeon, and saw 2 of its levels.

You collected 73 gold pieces.

Inventory:

Hand Weapons
 a - a +1 dagger (weapon)
Armour
 b - a +0 robe (worn)
Scrolls
 g - a scroll of recharging {unknown}
 h - a scroll of teleportation {unknown}
 i - a scroll of identify {unknown}
Potions
 j - a potion of cancellation
Books
 c - a book of Maledictions

   Spells                             Type                      Level
   a - Corona                         Hexes                        1
   b - Ensorcelled Hibernation        Hexes/Ice                    2
   c - Confuse                        Hexes                        3
   d - Tukima's Dance                 Hexes                        3
   e - Dazzling Spray                 Conjuration/Hexes            3
Comestibles
 d - 2 bread rations
 f - a fruit


   Skills:
 - Level 1.1 Short Blades
 - Level 3.0 Dodging
 - Level 4.4 Stealth
 + Level 3.8 Spellcasting
 + Level 4.6 Hexes


You couldn't memorise any spells.
You knew the following spells:

 Your Spells              Type           Power        Failure   Level  Hunger
a - Ensorcelled Hibernat  Hex/Ice        ##....       10%         2    ##.....
b - Corona                Hex            ###....      2%          1    None
c - Confuse               Hex            ###.....     7%          3    ###....
d - Tukima's Dance        Hex            ###.....     7%          3    ###....


Dungeon Overview and Level Annotations

Branches:
Dungeon (2/15)

Altars:
Qazlal


Innate Abilities, Weirdness & Mutations

You are very small and have problems with some larger weapons.
You are too small for most types of armour.
You have supernaturally acute eyesight. (SInv)
You are a herbivore.
You cover ground extremely quickly.
You need consume almost no food.


Message History

The goblin hits you with a dagger.
You barely miss the goblin.
The goblin is severely wounded.
You hit the goblin.
You kill the goblin!
You closely miss the hobgoblin. The hobgoblin barely misses you.
You closely miss the hobgoblin. The hobgoblin hits you.
You hit the hobgoblin.
The hobgoblin is moderately wounded.
The hobgoblin completely misses you.
You hit the hobgoblin but do no damage.
The hobgoblin is moderately wounded.
The hobgoblin hits you.
Casting: Corona
Confirm with . or Enter, or press ? or * to list all spells.
Aiming: Corona
Press: ? - help, Shift-Dir - straight line, f/p - hobgoblin
Aim: a hobgoblin (moderately wounded, unusually strong, chance to defeat MR: 73%)
The hobgoblin is outlined in light.
The hobgoblin hits you.
You die...

............ ..#
#.........# ####.##
.......#.# #. ...
#....#.# #. #.# .#
#....#.###.##.##.##
#..........#).....
#...#(###..#.#....
#g###.# #..#.#..##
#@# #.# #.......#
### #.# ##.#.#.##
#.####.....#
#........#.#
########.#.#
#.#.### #.#....
#.##### #.# #


You could see a hobgoblin.

Vanquished Creatures
  2 adders (D:2)
  A ball python (D:1)
  4 giant cockroaches
  3 goblins
  A hobgoblin (D:1)
  2 jackals (D:1)
  3 kobolds
  4 bats (D:1)
  2 rats (D:2)
22 creatures vanquished.

Notes
Turn   | Place    | Note
-------+----------+-------------------------------------------
     0 | D:1      | Kythnos the Spriggan Enchanter began the quest for the Orb.
     0 | D:1      | Reached XP level 1. HP: 9/9 MP: 5/5
   429 | D:1      | Reached XP level 2. HP: 13/13 MP: 5/7
   443 | D:1      | Learned a level 2 spell: Ensorcelled Hibernation
  1448 | D:2      | Found a stormy altar of Qazlal.
  1454 | D:2      | Reached XP level 3. HP: 16/16 MP: 9/9
  1460 | D:2      | Learned a level 3 spell: Confuse
  1464 | D:2      | Learned a level 3 spell: Tukima's Dance
  1593 | D:2      | Slain by a hobgoblin

Vault maps used:
D:1:      minmay_arrival_cross, fountainhead
D:2:      nicolae_overflow_crystal_walls, first_bread, uniq_crazy_yiuf_cottage

Skill      XL: |  1 |
---------------+----+-----
Spellcasting   | 3 |  3.8
Hexes          | 4 |  4.6
Short Blades   | |  1.1
Dodging        | |  3.0
Stealth        | |  4.4

Action                   || total
-------------------------++-------
Melee: Dagger            ||    64
 Cast: Corona            ||     6
       Ensorcelled Hiber ||    12
       Confuse           ||     1
  Use: Potion            ||     2
 Stab: Sleeping          ||    12
Armor: Robe              ||     6
Dodge: Dodged            ||    62
